 Dungeon Sprint DCSS version 0.20.1-1-g8b1a95d (webtiles) character file.

34534 Kingsmith the Champion of Chaos (level 13, -4/130 HPs)
             Began as a Minotaur Fighter on Dec 14, 2017.
             Was the Champion of Makhleb.
             Killed from afar by a frost giant (49 damage)
             ... with a bolt of cold
             ... in the Dungeon (Sprint IX: "|||||||||||||||||||||||||||||").
             The game lasted 00:12:19 (3183 turns).

Kingsmith the Champion of Chaos (Minotaur Fighter)  Turns: 3183, Time: 00:12:21

Health: -4/130     AC: 27    Str: 25    XL:     13   Next: 42%
Magic:  25/25      EV: 12    Int:  5    God:    Makhleb [******]
Gold:   774        SH: 22    Dex: 14    Spells: 12/12 levels left

rFire    . . .     SeeInvis +   C - +4 double sword (flame)
rCold    . . .     Gourm    .   I - +1 large shield
rNeg     . . .     Faith    .   E - +2 plate armour {MR+}
rPois    .         Spirit   .   (helmet restricted)
rElec    .         Reflect  .   h - +1 cloak {+Inv}
rCorr    .         Harm     .   y - +0 pair of gloves
MR       +....     NoTele   +   J - +2 pair of boots
Stlth    ..........             (no amulet)
Regen    0.4/turn               q - +3 ring of dexterity
MPRegen  0.2/turn               b - ring of see invisible

@: no status effects
A: retaliatory headbutt, horns 2
a: Minor Destruction, Lesser Servant of Makhleb, Major Destruction, Greater
Servant of Makhleb, Renounce Religion, Evoke Invisibility


You were in the Dungeon.
You worshipped Makhleb.
Makhleb was exalted by your worship.
You were not hungry.

You visited 1 branch You collected 1970 gold pieces.
You spent 1196 gold pieces at shops.

Inventory:

Hand Weapons
 C - a +4 double sword of flaming (weapon)
Armour
 h - a +1 cloak of invisibility (worn)
 y - a +0 pair of gloves (worn)
 E - a +2 plate armour of magic resistance (worn)
 I - a +1 large shield (worn)
 J - a +2 pair of boots (worn)
Jewellery
 b - a ring of see invisible (right hand)
 q - a +3 ring of dexterity (left hand)
 F - an uncursed ring of ice
 G - an uncursed ring of fire
Wands
 g - a wand of digging (11/24)
 o - a wand of acid (7/15)
Scrolls
 k - a scroll of blinking
 m - 4 scrolls of remove curse
 n - 2 scrolls of amnesia
 v - a scroll of enchant weapon
 w - 3 scrolls of fear
 x - 2 scrolls of fog
 D - a scroll of acquirement
Potions
 d - a potion of might
 e - 5 potions of curing
 i - 4 potions of magic
 j - 2 potions of invisibility
 l - 8 potions of heal wounds
 s - 2 potions of brilliance
 t - a potion of agility
 z - 2 potions of mutation
Miscellaneous
 u - a fan of gales
Comestibles
 f - 13 bread rations
 A - 39 fruits
 B - 12 meat rations


   Skills:
 * Level 16.7 Fighting
 * Level 17.9 Long Blades
 * Level 16.8 Armour
 + Level 11.7 Dodging
 * Level 16.2 Shields
 + Level 18.8 Invocations


You had 12 spell levels left.
You didn't know any spells.

Dungeon Overview and Level Annotations

Branches:
Dungeon (1/1)

Altars:
Cheibriados
Dithmenos
Elyvilon
Fedhas
Gozag
Hepliaklqana
Kikubaaqudgha
Makhleb
Nemelex Xobeh
Okawaru
Qazlal
Ru
Sif Muna
Trog
Uskayaw
Vehumet
Xom
Yredelemnul
Zin
The Shining One
Beogh
Jiyva
Lugonu

Shops:
D ::[?


Innate Abilities, Weirdness & Mutations

You reflexively headbutt those who attack you in melee.
You have a pair of horns on your head.


Message History

Something smites you!
You slice the frost giant!! You burn the frost giant!
The frost giant is moderately wounded.
The frost giant casts a spell at you. The bolt of cold hits you!
You slash the frost giant! You burn the frost giant.
The frost giant is moderately wounded.
You block the frost giant's attack.
Your shield prevents you from hitting the frost giant.
You headbutt the frost giant.
The frost giant is moderately wounded.
The frost giant casts a spell at you.
The bolt of cold hits the frost giant.
The frost giant resists.
The bolt of cold hits you!
A fire dragon comes into view.
A demon appears!
You block the frost giant's attack.
The frost giant gestures at you while chanting.
The bolt of cold hits the frost giant.
The frost giant resists.
The bolt of cold hits you!
You die...

.▓.▓.▓.▓[▓.▓†▓.▓
.▓.▓.▓.▓.▓.▓.▓.▓D▓
.▓.▓.▓.▓.▓.▓(▓.▓.▓
.▓.▓.▓†▓)▓.▓.▓.▓H▓
÷▓.▓)▓.▓)▓.▓.▓.▓Q▓
†▓.▓.▓.▓)▓.▓)▓.▓c▓
.▓.▓.▓.▓)▓.▓)▓.▓C▓
.▓.▓.▓.▓)▓.▓.▓.▓C▓
.▓.▓.▓.▓)▓.▓)▓.▓@▓
.▓.▓)▓)▓.▓.▓)▓.▓†▓
.▓.▓)▓.▓)▓.▓)▓.▓2▓
.▓.▓)▓.▓.▓.▓.▓.▓(▓
.▓.▓[▓.▓=▓.▓.▓.▓.▓
.▓.▓)▓.▓.▓.▓.▓.▓.▓
.▓.▓.▓.▓.▓.▓.▓.▓.▓
.▓.▓.▓.▓.▓.▓.▓.▓.▓
.▓.▓.▓.▓'▓.▓.▓.▓.▓


You could see 2 frost giants, a fire dragon, a sphinx, a tengu warrior, a
centaur warrior and a friendly green death.

Vanquished Creatures
  A ghost moth (D)
  A very ugly thing (D)
  An emperor scorpion (D)
  An ettin (D)
  Snorg (D)
  A yaktaur captain (D)
  2 ice dragons (D)
  A hydra (D)
  An alligator (D)
  2 two-headed ogres (D)
  A satyr (D)
  A tengu warrior (D)
  A deep troll earth mage (D)
  2 orc high priests (D)
  Urug (D)
  2 shock serpents (D)
  A spriggan (D)
  2 sea snakes (D)
  An orc knight (D)
  A wizard (D)
  A harpy (shapeshifter) (D)
  A wolf spider (D)
  An orb spider (shapeshifter) (D)
  An orb spider (D)
  An ugly thing (D)
  A salamander (D)
  2 manticores (D)
  4 orc sorcerers (D)
  An elephant (D)
  A naga mage (D)
  A water nymph (D)
  2 black mambas (D)
  Maurice (D)
  6 spiny frogs (D)
  A yaktaur (D)
  2 komodo dragons (D)
  2 jumping spiders (D)
  A merfolk (D)
  A tyrant leech (D)
  A wind drake (D)
  2 hornets (D)
  A slime creature (D)
  A polar bear (D)
  2 snapping turtles (D)
  A blink frog (D)
  A hippogriff (D)
  A shadow (D)
  3 tarantellas (D)
  2 basilisks (D)
  A yak (D)
  Grum (D)
  A naga (D)
  An insubstantial wisp (D)
  3 porcupines (D)
  A black bear (D)
  12 orc warriors (D)
  An eye of draining (D)
  A centaur (D)
  2 wolves (D)
  3 crocodiles (D)
  2 bullfrogs (D)
  A scorpion (D)
  A howler monkey (D)
  A hound (D)
  3 orc priests (D)
  3 orc wizards (D)
  An iguana (D)
  An adder (D)
  A shadow imp (D)
  An ooze (D)
  An adder zombie (D)
  10 orcs (D)
  A giant cockroach (D)
  A goblin (D)
  A kobold (D)
  A frilled lizard (D)
  A giant cockroach zombie (D)
  A leopard gecko skeleton (D)
  A rat (D)
131 creatures vanquished.

Vanquished Creatures (collateral kills)
  A spark wasp (D)
  2 orc high priests (D)
  2 lindwurms (D)
  A naga ritualist (D)
  An orc knight (D)
  An orc sorcerer (D)
  A merfolk (D)
  3 tyrant leeches (D)
  A naga (D)
  3 worms (D)
  An orc (D)
17 creatures vanquished.

Grand Total: 148 creatures vanquished

Notes
Turn   | Place    | Note
-------+----------+-------------------------------------------
     0 | D        | Kingsmith the Minotaur Fighter began the quest for the Orb.
     0 | D        | Reached XP level 1. HP: 19/19 MP: 0/0
    14 | D        | Reached skill level 5 in Armour
    14 | D        | Reached skill level 5 in Shields
    14 | D        | Reached XP level 2. HP: 24/26 MP: 1/1
    52 | D        | Reached skill level 5 in Fighting
    52 | D        | Reached XP level 3. HP: 20/36 MP: 2/2
    61 | D        | Found a roughly hewn altar of Beogh.
    61 | D        | Found a snail-covered altar of Cheibriados.
    61 | D        | Found a shadowy altar of Dithmenos.
    61 | D        | Found a white marble altar of Elyvilon.
    61 | D        | Found a blossoming altar of Fedhas.
    61 | D        | Found an opulent altar of Gozag.
    62 | D        | Found a hazy altar of Hepliaklqana.
    63 | D        | Found a viscous altar of Jiyva.
    64 | D        | Found an ancient bone altar of Kikubaaqudgha.
    65 | D        | Found a corrupted altar of Lugonu.
    66 | D        | Found a burning altar of Makhleb.
    67 | D        | Found a sparkling altar of Nemelex Xobeh.
    68 | D        | Found an iron altar of Okawaru.
    69 | D        | Found a stormy altar of Qazlal.
    70 | D        | Found a sacrificial altar of Ru.
    71 | D        | Found a deep blue altar of Sif Muna.
    72 | D        | Found a bloodstained altar of Trog.
    73 | D        | Found a hide-covered altar of Uskayaw.
    74 | D        | Found a radiant altar of Vehumet.
    76 | D        | Found a shimmering altar of Xom.
    77 | D        | Found a basalt altar of Yredelemnul.
    78 | D        | Found a glowing silver altar of Zin.
    79 | D        | Found a glowing golden altar of the Shining One.
   122 | D        | Became a worshipper of Makhleb the Destroyer
   218 | D        | Noticed a two-headed ogre
   218 | D        | Noticed a two-headed ogre
   218 | D        | Noticed a scorpion
   218 | D        | Noticed a bullfrog
   231 | D        | Killed a two-headed ogre
   231 | D        | Reached XP level 4. HP: 29/57 MP: 3/3
   231 | D        | Reached XP level 5. HP: 32/63 MP: 4/4
   231 | D        | Reached XP level 6. HP: 36/71 MP: 5/5
   231 | D        | Reached XP level 7. HP: 40/78 MP: 6/6
   242 | D        | Killed a two-headed ogre
   242 | D        | Reached XP level 8. HP: 30/90 MP: 7/7
   244 | D        | Reached * piety under Makhleb
   249 | D        | Reached ** piety under Makhleb
   485 | D        | Noticed a manticore
   494 | D        | Killed a manticore
   497 | D        | Reached *** piety under Makhleb
   504 | D        | Reached XP level 9. HP: 85/96 MP: 0/8
   608 | D        | Noticed Maurice
   628 | D        | Killed Maurice
   628 | D        | Reached skill level 5 in Invocations
   712 | D        | Noticed a spiny frog
   714 | D        | Reached **** piety under Makhleb
   718 | D        | Reached skill level 6 in Invocations
   719 | D        | Noticed a komodo dragon
   722 | D        | Reached skill level 7 in Invocations
   725 | D        | Reached skill level 8 in Invocations
   753 | D        | Killed a spiny frog
   753 | D        | Reached skill level 9 in Invocations
   757 | D        | Reached ***** piety under Makhleb
   757 | D        | Reached skill level 10 in Invocations
   759 | D        | Killed a komodo dragon
   765 | D        | Reached skill level 11 in Invocations
   863 | D        | Noticed an elephant
   863 | D        | Noticed a spiny frog
   863 | D        | Noticed a polar bear
   867 | D        | Noticed a komodo dragon
   868 | D        | Killed a polar bear
   871 | D        | Reached XP level 10. HP: 104/104 MP: 17/17
   875 | D        | Killed a spiny frog
   875 | D        | Reached skill level 12 in Invocations
   883 | D        | Killed an elephant
   883 | D        | Reached skill level 13 in Invocations
   898 | D        | Reached ****** piety under Makhleb
   898 | D        | Reached skill level 14 in Invocations
  1184 | D        | Noticed a lindwurm
  1200 | D        | Killed a lindwurm
  1200 | D        | Reached skill level 5 in Dodging
  1203 | D        | Noticed a lindwurm
  1206 | D        | Killed a lindwurm
  1427 | D        | Noticed an orc high priest
  1439 | D        | Reached skill level 15 in Fighting
  1447 | D        | Killed an orc high priest
  1526 | D        | Noticed an orc sorcerer
  1541 | D        | Killed an orc sorcerer
  1541 | D        | Reached skill level 15 in Long Blades
  1542 | D        | Noticed an orc sorcerer
  1546 | D        | Noticed an orange demon
  1548 | D        | Reached XP level 11. HP: 114/114 MP: 20/20
  1556 | D        | Killed an orc sorcerer
  1620 | D        | Found Qeruaraw's Magic Scroll Boutique.
  1620 | D        | Noticed an orc sorcerer
  1620 | D        | Noticed an orc sorcerer
  1620 | D        | Noticed an orc high priest
  1624 | D        | Killed an orc high priest
  1630 | D        | Killed an orc sorcerer
  1630 | D        | Reached skill level 10 in Armour
  1645 | D        | Killed an orc sorcerer
  1649 | D        | Found Quotauma's Antique Armour Shop.
  1651 | D        | Found Tyiwn's Book Boutique.
  1651 | D        | Noticed an orc knight
  1654 | D        | Found Ehiujuvu's Book Shop.
  1654 | D        | Noticed an orc high priest
  1656 | D        | Noticed an orc high priest
  1658 | D        | Noticed an orc sorcerer
  1662 | D        | Noticed an orc knight
  1662 | D        | Killed an orc knight
  1666 | D        | Killed an orc high priest
  1668 | D        | Killed an orc high priest
  1669 | D        | Killed an orc sorcerer
  1680 | D        | Killed an orc knight
  1710 | D        | Bought a scroll of acquirement for 520 gold pieces
  1712 | D        | Bought a shiny plate armour for 676 gold pieces
  1799 | D        | Noticed Grum
  1808 | D        | Killed Grum
  1979 | D        | Noticed an orb spider
  1979 | D        | Noticed a tengu warrior
  1983 | D        | Noticed an eight-headed hydra
  1989 | D        | Killed a tengu warrior
  1994 | D        | Killed an orb spider
  1994 | D        | Reached skill level 15 in Armour
  2002 | D        | Killed a five-headed hydra
  2005 | D        | Noticed a harpy
  2005 | D        | a komodo dragon changed into a harpy
  2008 | D        | Reached skill level 10 in Shields
  2010 | D        | Noticed an ice dragon
  2011 | D        | Noticed a green ugly thing
  2013 | D        | Noticed a green very ugly thing
  2014 | D        | Killed a harpy
  2015 | D        | Noticed an ettin
  2016 | D        | Noticed an ice dragon
  2023 | D        | Killed an ice dragon
  2023 | D        | Reached XP level 12. HP: 101/122 MP: 21/21
  2040 | D        | Killed a red very ugly thing
  2043 | D        | Killed an ettin
  2043 | D        | Reached skill level 15 in Shields
  2054 | D        | Killed an ice dragon
  2128 | D        | Noticed Urug
  2141 | D        | Killed Urug
  2142 | D        | Noticed Snorg
  2152 | D        | Killed Snorg
  2152 | D        | Reached skill level 15 in Invocations
  2245 | D        | Reached skill level 16 in Invocations
  2647 | D        | Noticed a ghost moth
  2655 | D        | Reached skill level 17 in Invocations
  2659 | D        | Killed a ghost moth
  2669 | D        | Noticed an emperor scorpion
  2672 | D        | Reached skill level 18 in Invocations
  2692 | D        | Killed an emperor scorpion
  2695 | D        | Reached XP level 13. HP: 119/128 MP: 6/25
  2875 | D        | Reached skill level 10 in Dodging
  3149 | D        | Noticed a spark wasp
  3150 | D        | Noticed a frost giant
  3156 | D        | Noticed a frost giant
  3164 | D        | Killed a spark wasp
  3176 | D        | Noticed a sphinx
  3183 | D        | Noticed a fire dragon
  3183 | D        | Killed from afar by a frost giant

Skill      XL: |  1  2  3  4  5  6  7  8  9 10 11 12 13 |
---------------+----------------------------------------+-----
Armour         | 5 6 9 16 | 16.8
Shields        | 5 6 9 12 15 16 | 16.2
Fighting       | 5 12 14 16 | 16.7
Long Blades    | 4 12 14 15 17 | 17.9
Invocations    | 11 14 18 | 18.8
Dodging        | 6 11 | 11.7

Action                   |  1- 3 |  4- 6 |  7- 9 | 10-12 | 13-15 || total
-------------------------+-------+-------+-------+-------+-------++-------
Melee: Long sword        |    40 |       |       |       |       ||    40
       Headbutt          |     6 |       |    20 |    72 |    17 ||   115
       Scimitar          |    11 |       |    77 |   142 |       ||   230
       Double sword      |       |       |       |   154 |    89 ||   243
Invok: Major Destruction |       |       |     1 |     3 |       ||     4
       Lesser Servant of |       |       |     1 |       |       ||     1
       Greater Servant o |       |       |       |     3 |     3 ||     6
       Minor Destruction |       |       |       |     2 |       ||     2
  Use: Potion            |     4 |       |     1 |     1 |       ||     6
       Scroll            |       |       |     2 |     4 |       ||     6
  Eat: Chunk             |       |       |       |     5 |     2 ||     7
       Fruit             |       |       |       |     1 |       ||     1
Armor: Scale mail        |    10 |       |       |       |       ||    10
       Ring mail         |     1 |       |    14 |    19 |       ||    34
       Plate armour      |       |       |       |    67 |    20 ||    87
Dodge: Dodged            |    10 |       |    17 |    61 |    15 ||   103
Block: Shield            |    27 |       |    24 |    52 |       ||   103
       Large shield      |       |       |       |   139 |    58 ||   197
       Rpst.: Long sword |     3 |       |       |       |       ||     3
       Scimitar          |     1 |       |     3 |     3 |       ||     7
       Double sword      |       |       |       |     6 |     2 ||     8
